 Dungeon Crawl Stone Soup version 0.28.0-43-g3370ac3207 (webtiles) character file.

Game seed: 7997584183312741561

379 terff the Cudgeller (level 7, -1/54 HPs)
             Began as a Human Fighter on Mar 30, 2022.
             Slain by a scorpion (2 damage)
             ... on level 4 of the Dungeon.
             The game lasted 00:06:09 (4003 turns).

terff the Cudgeller (Human Fighter)                 Turns: 4003, Time: 00:06:10

Health: -1/54      AC:  9    Str: 17    XL:     7   Next: 4%
Magic:  7/7        EV:  3    Int:  8    God:
Gold:   183        SH: 13    Dex: 14    Spells: 6/6 levels left

rFire   . . .      SeeInvis .   m - +2 flail (protect)
rCold   . . .      Faith    .   h - +0 tower shield
rNeg    . . .      Spirit   .   g - +0 chain mail
rPois   .          Reflect  .   (no helmet)
rElec   .          Harm     .   (no cloak)
rCorr   .          Rampage  .   (no gloves)
Will    .....                   (no boots)
Stlth   ..........              (no amulet)
HPRegen 0.18/turn               (no ring)
MPRegen 0.10/turn               (no ring)

@: lethally poisoned (-1 -> -4), about to teleport
A: no striking features
a: no special abilities


You were on level 4 of the Dungeon.
You visited 1 branch of the dungeon, and saw 4 of its levels.

You collected 183 gold pieces.

Inventory:

Hand Weapons
 a - a +0 flail
 d - a +0 scythe of flaming
 m - a +2 flail of protection (weapon)
Armour
 b - a +0 scale mail
 c - a +0 buckler
 g - a +0 chain mail (worn)
 h - a +0 tower shield (worn)
Potions
 e - 2 potions of ambrosia {unknown}
 f - a potion of flight {unknown}
 i - 3 potions of attraction {unknown}
 k - a potion of haste
 l - a potion of curing {unknown}


   Skills:
 + Level 4.2 Fighting
 + Level 4.4 Maces & Flails
 + Level 0.2 Polearms
 + Level 4.3 Armour
 + Level 0.8 Dodging
 + Level 4.0 Shields


You had 6 spell levels left.
You didn't know any spells.
Your spell library was empty.

Dungeon Overview and Level Annotations

Branches:
Dungeon (4/15)
 Temple: D:4-7

Altars:
Hepliaklqana

Shops:
D:1 ?


Message History

The scorpion stings you but does no damage.
You hit the scorpion.
The scorpion is heavily wounded.
You feel very sick.
The scorpion stings you but does no damage.
You block the scorpion's attack.
You hit the scorpion but do no damage.
The scorpion is heavily wounded.
You feel very sick.
The scorpion stings you but does no damage. x2
You hit the scorpion.
The scorpion is heavily wounded.
You feel very sick. The scorpion stings you.
The scorpion stings you but does no damage.
You closely miss the scorpion.
The scorpion is heavily wounded.
You feel sick. You block the scorpion's attack.
The scorpion stings you but does no damage.
You closely miss the scorpion.
The scorpion is heavily wounded.
You feel sick. You block the scorpion's attack. The scorpion stings you!
* * * LOW HITPOINT WARNING * * *
You are lethally poisoned!
The scorpion poisons you!
* * * LOW HITPOINT WARNING * * *
You feel very sick.
The scorpion stings you but does no damage.
* * * LOW HITPOINT WARNING * * *
You feel very sick.
As you read the scroll of teleportation, it crumbles to dust.
You feel strangely unstable.
* * * LOW HITPOINT WARNING * * *
You feel sick.
The scorpion stings you but does no damage.
* * * LOW HITPOINT WARNING * * *
You feel sick.
* * * LOW HITPOINT WARNING * * *
You feel sick. The scorpion stings you.
You die...

##
+#..####
#....'.#
#....#.#
##.. #.#
#+ ##s#
#.@# #.##
#(# #.#
###.#
#...# ###
#.###
#.#######
#.#
#.......#
#.#


You could see a scorpion.

Vanquished Creatures
  Sigmund (D:2)
  A water moccasin skeleton (D:3)
  A hound (D:4)
  An orc wizard (D:3)
  An adder (D:2)
  4 gnolls (D:4)
  A worm (D:3)
  5 dart slugs
  2 orcs (D:3)
  5 endoplasms
  2 giant cockroaches
  4 goblins
  8 hobgoblins
  6 jackals
  3 quokkas
  3 ball pythons
  5 bats
  3 frilled lizards
  3 kobolds
  2 rats
61 creatures vanquished.

Notes
Turn   | Place    | Note
-------+----------+-------------------------------------------
     0 | D:1      | terff the Human Fighter began the quest for the Orb.
     0 | D:1      | Reached XP level 1. HP: 18/18 MP: 1/1
   241 | D:1      | Reached XP level 2. HP: 21/24 MP: 2/2
   429 | D:1      | Found a faded altar of an unknown god.
   622 | D:1      | Found Qaustiv's Magic Scroll Emporium.
   897 | D:1      | Reached XP level 3. HP: 29/29 MP: 3/3
  1199 | D:2      | Noticed Sigmund
  1500 | D:2      | Killed Sigmund
  1501 | D:2      | Reached XP level 4. HP: 4/37 MP: 4/4
  1501 | D:2      | Reached XP level 5. HP: 5/42 MP: 5/5
  1501 | D:2      | Reached XP level 6. HP: 6/48 MP: 6/6
  2586 | D:3      | Found a hazy altar of Hepliaklqana.
  3610 | D:4      | HP: 2/48 [gnoll/+0 halberd (11)]
  3959 | D:4      | Reached XP level 7. HP: 52/54 MP: 7/7
  4003 | D:4      | HP: 1/54 [poisoned by a scorpion]
  4003 | D:4      | Slain by a scorpion

Illustrated notes

Levels and vault maps discovered:
D:1:      scummos_arrival_forest, layout_loops_corners,
          shapermc_ecumenical_altar_acropolis, serial_shops,
          nicolae_shop_hallway_stairs, minmay_misc_feat_room
D:2:      layout_basic, serial_rivers, chequers_serial_rivers_large_a,
          chequers_serial_rivers_micro_b, chequers_serial_rivers_micro_b,
          chequers_serial_rivers_micro_d, chequers_serial_rivers_micro_e,
          minmay_misc_feat_rows, amcnicky_mini_pool_small,
          hangedman_decor_points, minmay_fountain_box, uniq_sigmund
D:3:      layout_basic, mainiacjoe_overflow_cross_hatched
D:4:      minmay_bubble_buster, layout_loops_ring,
          minmay_temple_entry_crystal_x, kennysheep_generic_room_16

Skill      XL: |  1  2  3  4  5  6 |
---------------+-------------------+-----
Fighting       | 4 |  4.2
Maces & Flails | 3 4 |  4.4
Armour         | 4 |  4.3
Shields        | 4 |  4.0
Polearms       | |  0.2
Dodging        | |  0.8

Action                   |  1- 3 |  4- 6 |  7- 9 || total
-------------------------+-------+-------+-------++-------
Melee: Flail             |    81 |   102 |     8 ||   191
       Scythe            |       |    33 |       ||    33
  Use: Scroll            |     2 |     3 |     1 ||     6
       Potion            |     2 |       |       ||     2
Armor: Scale mail        |    22 |       |       ||    22
       Chain mail        |    18 |    97 |     9 ||   124
Dodge: Dodged            |    35 |    45 |     1 ||    81
Block: Buckler           |    17 |     2 |       ||    19
       Tower shield      |       |    99 |     3 ||   102
